 Dungeon Crawl Stone Soup version 0.20.0-8-g6b59dc7 (webtiles) character file.

235540 Chiseanne the Eclecticist (level 18, -14/107 HPs)
             Began as a Demonspawn Wizard on June 1, 2017.
             Was a High Priest of Vehumet.
             Killed from afar by a hellion (18 damage)
             ... with damnation
             ... summoned by a deep elf demonologist
             ... on level 3 of the Elven Halls on June 2, 2017.
             The game lasted 04:15:55 (46943 turns).

Chiseanne the Eclecticist (Demonspawn Wizard)      Turns: 46943, Time: 04:15:56

Health: -14/107    AC: 24    Str:  9    XL:     18   Next: 47%
Magic:  25/49      EV: 20    Int: 26    God:    Vehumet [*****.]
Gold:   275        SH:  7    Dex: 16    Spells: 2/54 levels left

rFire    + . .     SeeInvis .   a - staff of conjuration
rCold    + . .     Gourm    .   q - +2 buckler {rF+}
rNeg     + . .     Faith    .   S - +1 robe of the Bulwark {rPois rCorr Dex+4}
rPois    +         Spirit   .   b - +1 helmet
rElec    +         Reflect  .   B - +1 cloak
rCorr    +         Harm     .   w - +1 pair of gloves
MR       +....                  (boots unavailable)
Stlth    ++........             L - amulet of magic regeneration
Regen    0.3/turn               m - ring of magical power
MPRegen  0.5/turn               X - ring of positive energy

@: very slightly contaminated, slowed, very slow
A: talons 3, thin metallic scales 3, cold resistance 1, icemail, rot immunity,
freezing cloud immunity
}: 2/15 runes: decaying, gossamer
a: Renounce Religion


You were on level 3 of the Elven Halls.
You worshipped Vehumet.
Vehumet was extremely pleased with you.
You were not hungry.

You visited 6 branches of the dungeon, and saw 34 of its levels.
You visited the Abyss 1 time.
You also visited: Labyrinth.

You collected 3382 gold pieces.
You spent 3107 gold pieces at shops.

Inventory:

Hand Weapons
 d - the +1 flail of Gravity {freeze, +Fly rC- Int+3}
   (You found it on level 6 of the Lair of Beasts)

   It has been specially enchanted to freeze those struck by it, causing extra
   injury to most foes and up to half again as much damage against particularly
   susceptible opponents.
   It can also slow down cold-blooded creatures.
   It affects your intelligence (+3).
   It makes you vulnerable to cold.
   It lets you fly.
 l - the +7 broad axe of the Boiling Point {freeze, -Tele Fragile rElec Int+6}
   (You found it on level 1 of the Elven Halls)

   It has been specially enchanted to freeze those struck by it, causing extra
   injury to most foes and up to half again as much damage against particularly
   susceptible opponents.
   It can also slow down cold-blooded creatures.
   It affects your intelligence (+6).
   It insulates you from electricity.
   It prevents most forms of teleportation.
   It will be destroyed if unequipped.
 s - a +9 morningstar of protection
Armour
 b - a +1 helmet (worn)
 q - a +2 buckler of fire resistance (worn)
 w - a +1 pair of gloves (worn)
 B - a +1 cloak (worn)
 S - the +1 robe of the Bulwark (worn) {rPois rCorr Dex+4}
   (You found it on level 4 of the Lair of Beasts)

   It affects your dexterity (+4).
   It protects you from poison.
   It protects you from acid and corrosion.
 Z - the +2 ring mail "Bocogis" {rElec rC- Int+4 SInv}
   (You found it in a labyrinth)

   It affects your intelligence (+4).
   It makes you vulnerable to cold.
   It insulates you from electricity.
   It lets you see invisible.
Magical Staves
 a - an uncursed staff of conjuration (weapon)
Jewellery
 j - an uncursed ring of wizardry
 m - a ring of magical power (left hand)
 L - an amulet of magic regeneration (around neck)
 X - a ring of positive energy (right hand)
Wands
 k - a wand of lightning (3/15)
 N - a wand of clouds (2/9)
 O - a wand of iceblast (8/15)
 T - a wand of digging (8/24)
 U - a wand of iceblast (11/15)
Scrolls
 c - a scroll of identify
 o - 14 scrolls of teleportation
 u - 4 scrolls of fear
 y - 2 scrolls of magic mapping
 z - a scroll of recharging
 G - 3 scrolls of remove curse
 I - 5 scrolls of fog
Potions
 e - a potion of flight
 n - 13 potions of curing
 p - 3 potions of might
 r - 3 potions of resistance
 A - 10 potions of heal wounds
 C - 4 potions of cancellation
 D - a potion of haste
 E - a potion of magic
 P - a potion of brilliance
Books
 g - a book of Frost

   Spells                             Type                      Level
   a - Freeze                         Ice                          1
   b - Throw Frost                    Conjuration/Ice              2
   c - Ozocubu's Armour               Charms/Ice                   3
   d - Throw Icicle                   Conjuration/Ice              4
   e - Summon Ice Beast               Ice/Summoning                4
 x - a book of Clouds

   Spells                             Type                      Level
   a - Poisonous Vapours              Poison/Air                   2
   b - Mephitic Cloud                 Conjuration/Poison/Air       3
   c - Conjure Flame                  Conjuration/Fire             3
   d - Freezing Cloud                 Conjuration/Ice/Air          6
   e - Ring of Flames                 Charms/Fire                  7
Miscellaneous
 i - a lamp of fire
 t - a sack of spiders
 v - a phial of floods
 J - a lightning rod (4/4)
Comestibles
 f - 6 royal jellies
 h - 18 meat rations
 H - 26 bread rations


   Skills:
 - Level 7.0 Armour
 - Level 10.7 Dodging
 - Level 1.7 Stealth
 - Level 4.2 Shields
 * Level 18.8 Spellcasting
 * Level 16.3 Conjurations
 - Level 10.0 Summonings
 - Level 0.8 Translocations
 * Level 11.2 Fire Magic


You had 2 spell levels left.
You knew the following spells:

 Your Spells              Type           Power        Failure   Level  Hunger
a - Iskenderun's Battles  Conj/Chrm      #######.     1%          5    None
b - Iskenderun's Mystic   Conj           ########     0%          4    None
c - Mephitic Cloud        Conj/Pois/Air  ######..     1%          3    None
d - Force Lance           Conj/Tloc      #######.     1%          4    None
e - Spellforged Servitor  Conj/Summ      #######...   1%          7    #####..
f - Orb of Destruction    Conj           ########..   1%          7    #####..
g - Lehudib's Crystal Sp  Conj/Erth      #######...   67%         8    ######.
h - Ignite Poison         Fire/Tmut/Pois #####...     1%          3    None
i - Iron Shot             Conj/Erth      #######...   2%          6    ###....
j - Blink                 Tloc           N/A          1%          2    None
k - Conjure Flame         Conj/Fire      #######.     0%          3    None


Dungeon Overview and Level Annotations

Branches:
Dungeon (15/15)            Temple (0/1) D:4            Lair (6/6) D:10
  Swamp (4/4) Lair:3       Spider (4/4) Lair:3        Slime (0/5) Lair:5
    Orc (2/2) D:12            Elf (3/3) Orc:2        Vaults (0/5) D:13
 Depths (0/5) D:15

Altars:
Ashenzari
Elyvilon
Fedhas
Kikubaaqudgha
Okawaru
Qazlal
Ru
Trog
Vehumet
Xom
The Shining One
Beogh
Jiyva

Shops:
D:8 (   D:12 }[((   D:15 }   Orc:2 =*[(

Annotations:
Orc:2 exclusion: 2 upstairs


Innate Abilities, Weirdness & Mutations

You have claws for feet.
You are completely covered in thin metallic scales. (AC +4, rElec)
Your flesh is cold resistant. (rC+)
A meltable icy envelope protects you from harm. (AC +10)
You are immune to rotting.
You are immune to freezing clouds.


Message History

Press: ? - help, Shift-Dir - straight line, f - deep elf master archer
Aim: a deep elf master archer, wielding a longbow and wearing a leather armour You feel a surge of power!
The ball explodes into a vile cloud!
The stinking cloud engulfs the deep elf master archer.
You hear a shout! x3
The hellion gestures at you.
The sphere of damnation explodes!
The damnation engulfs you!
* * * LOW HITPOINT WARNING * * *
The damnation engulfs your spellforged servitor.
The deep elf master archer is engulfed in noxious fumes.
The deep elf master archer appears confused.
The cacodemon gestures at you.
You feel yourself slow down.
Your spellforged servitor conjures a glowing orb.
The deep elf master archer is engulfed in noxious fumes.
Your spellforged servitor conjures an orb of pure magic.
The orb of destruction hits the deep elf master archer.
The hellion gestures at you.
The sphere of damnation explodes!
The damnation engulfs you!
You die...

#.# #.###.# ##.....## #*#
#.###.# #.# ##...## # #.#...#
#.# ##'## # #.#.### #.# #.#
## #.#.# #.# #.# #)
#.#.#####.# ##.## #.
#.........#####...###### #.
###.###......[.....#...## #.
#........@.8....#...).###)
#####..##.(*.)..((.#)..##(
########..#...§§§....###).)).
#..........(..§§§.....#....##
####.####.....e§.......).).#
##.###.#.1.#####.#.[)....##
##.#####22### *#.##.....##
#.####.....# #.#.##...##
#.#.##..§.[.# ##########


You could see a Hell Sentinel, a cacodemon, a deep elf master archer (confused),
a hellion and a friendly spellforged servitor.

Vanquished Creatures
  A bone dragon (Abyss:2)
  A thorn hunter (Swamp:4)
  4 emperor scorpions
  Aizul (Swamp:4)
  A fire giant (D:13)
  3 deep elf sorcerers (Elf:3)
  2 ghost moths (Spider:4)
  An orc warlord (Orc:2)
  3 deep elf elementalists (Elf:3)
  A deep elf demonologist (Elf:3)
  A very ugly thing (Swamp:3)
  4 deep elf annihilators (Elf:3)
  3 deep elf death magi (Elf:3)
  An ettin (D:13)
  Josephine (D:12)
  A deep elf high priest (Elf:3)
  A minotaur (Lab)
  An ice dragon (Elf:1)
  A centaur warrior (D:15)
  14 hydras
  A rakshasa (Abyss:2)
  5 two-headed ogres
  A vault guard (D:13)
  5 alligators
  2 death scarabs (Spider:4)
  A thrashing horror (Abyss:2)
  2 dancing weapons
  An orc high priest (Orc:2)
  6 deep elf knights
  3 hell knights (Abyss:2)
  6 skeletal warriors
  3 unseen horrors
  A sea snake (shapeshifter) (D:13)
  6 swamp dragons
  A spatial maelstrom (Abyss:2)
  A lindwurm (Lair:6)
  5 orc knights
  Pikel (D:5)
  A deep elf archer (Elf:1)
  A necromancer (Abyss:2)
  3 orc sorcerers
  2 orb spiders
  3 cyclopes
  2 manticores (D:11)
  16 ugly things
  24 deep elf magi
  3 oklob plants (Lair:4)
  6 wolf spiders
  A salamander (shapeshifter) (Abyss:2)
  6 black mambas
  2 moths of wrath
  4 elephants (Lair:4)
  2 gargoyles
  2 torpor snails
  16 spiny frogs
  A kobold demonologist (D:13)
  An efreet (D:13)
  A rime drake (Lair:3)
  A spectral redback (Spider:4)
  13 komodo dragons
  2 demonic crawlers
  8 trolls
  The ghost of Dwachs the Covert, a novice VSFi (D:4)
  11 jumping spiders
  3 tyrant leeches
  A spectral jumping spider (Spider:4)
  Prince Ribbit (D:6)
  9 polar bears
  6 hippogriffs
  10 hornets
  10 slime creatures
  A spectral tarantella (Spider:4)
  5 dream sheep
  4 blink frogs
  A blink frog (shapeshifter) (D:13)
  2 bog bodies
  An air elemental (Elf:3)
  25 redbacks
  15 tarantellas
  3 wraiths
  4 shadows
  14 spriggans
  Sigmund (D:3)
  A water elemental (Elf:1)
  33 yaks
  2 wyverns
  2 fire elementals
  Grum (D:9)
  6 basilisks
  A steam dragon (Lair:5)
  4 small abominations (Abyss:2)
  3 hungry ghosts
  7 vampire mosquitoes
  5 wargs
  9 insubstantial wisps
  4 acid dragons
  13 swamp worms
  A soldier ant (D:11)
  6 water moccasins
  8 porcupines
  A spectral hornet (Spider:4)
  A hell hound (Abyss:2)
  9 swamp drakes
  36 orc warriors
  A slave (D:5)
  3 eyes of draining
  6 ice beasts
  A sky beast (D:8)
  10 ogres
  3 black bears
  2 phantoms
  3 boggarts (Lair:6)
  27 wolves
  11 crocodiles
  19 centaurs
  2 big kobolds (D:9)
  23 bullfrogs
  2 wyvern skeletons
  11 scorpions
  3 wights (D:13)
  10 killer bees (D:11)
  A howler monkey (D:14)
  8 electric eels
  10 crimson imps
  5 centaur zombies
  A lava snake (Lair:4)
  A quasit (Abyss:2)
  A bullfrog zombie (D:12)
  5 jellies
  A bullfrog skeleton (D:13)
  33 orc priests
  9 hounds
  2 centaur skeletons
  13 iguanas
  26 orc wizards
  15 worker ants
  A hound skeleton (D:4)
  A hound zombie (D:6)
  A worker ant zombie (D:7)
  8 gnolls (D:5)
  18 adders
  2 howler monkey skeletons
  A river rat (D:3)
  5 shadow imps
  2 oozes
  3 adder skeletons
  An adder zombie (D:6)
  15 worms
  4 dart slugs
  4 leopard geckos
  135 orcs
  7 giant cockroaches
  10 hobgoblins
  8 jackals
  2 quokkas
  A ball python (D:3)
  11 bats
  7 frilled lizards
  8 goblins
  16 kobolds
  2 quokka skeletons
  A quokka zombie (D:5)
  10 rats
  A fungus (Lair:6)
  8 plants
  3 starspawn tentacles (Abyss:2)
1063 creatures vanquished.

Vanquished Creatures (collateral kills)
  Nikola (Swamp:2)
  A deep elf blademaster (Elf:3)
  2 tentacled starspawn (Abyss:2)
  2 thorn hunters
  A deep elf sorcerer (Elf:3)
  2 orc warlords
  A frost giant (D:13)
  Louise (Swamp:3)
  4 emperor scorpions
  A deep elf elementalist (Elf:3)
  The ghost of ldierk the Bringer of Life, a journeyman DDMo of Elyvilon (Orc:2)
  A stone giant (Orc:2)
  A war gargoyle (D:13)
  A deep elf annihilator (Elf:1)
  A deep elf demonologist (Elf:1)
  A spark wasp (Spider:4)
  An ettin (D:15)
  3 ogre magi
  A yaktaur captain (D:13)
  8 hydras
  2 ghost crabs (Swamp:2)
  A centaur warrior (D:15)
  A death knight (D:15)
  2 dancing weapons
  7 tengu warriors
  6 death scarabs (Spider:4)
  8 two-headed ogres
  2 alligators
  3 orc high priests (Orc:2)
  5 spriggans
  2 deep elf knights
  2 hell knights (Abyss:2)
  6 skeletal warriors
  A spatial maelstrom (Abyss:2)
  A deep troll (D:15)
  2 swamp dragons (Swamp:4)
  2 spectral wolf spiders (Spider:4)
  4 shambling mangroves
  2 deep elf archers
  3 orc knights (Orc:2)
  4 orb spiders
  A necromancer (Abyss:2)
  8 deep elf magi (Elf:1)
  3 wolf spider zombies (Spider:4)
  22 ugly things
  7 wolf spiders
  A phantasmal warrior (D:15)
  3 orc sorcerers (Orc:2)
  A cyclops (D:14)
  A centaur zombie (D:15)
  3 centaur skeletons
  A gargoyle (Orc:1)
  3 spectral redbacks (Spider:4)
  5 demonic crawlers
  A torpor snail (Spider:2)
  A rime drake (shapeshifter) (D:13)
  A redback zombie (Spider:4)
  2 trolls
  2 freezing wraiths (D:15)
  A polar bear (Elf:1)
  A tengu conjurer (D:13)
  5 tyrant leeches
  2 spectral tarantellas (Spider:4)
  21 hornets
  2 bog bodies
  4 blink frogs
  10 jumping spiders
  A jumping spider zombie (Spider:4)
  A hippogriff (D:14)
  5 slime creatures
  A snapping turtle (shapeshifter) (D:13)
  2 large abominations (Abyss:2)
  19 redbacks
  2 wyverns (D:15)
  A spriggan (shapeshifter) (D:15)
  A hog (shapeshifter) (D:14)
  A yak (D:14)
  15 tarantellas
  A hungry ghost (D:15)
  A neqoxec (Abyss:2)
  7 vampire mosquitoes
  A chaos spawn (Abyss:2)
  7 insubstantial wisps
  A soldier ant (D:13)
  3 acid dragons
  7 swamp worms
  A small abomination (Abyss:2)
  A soldier ant (shapeshifter) (D:14)
  2 wargs (Orc:2)
  3 hell hounds (Abyss:2)
  5 swamp drakes
  30 orc warriors
  2 ice beasts (Elf:1)
  9 ogres
  An eye of draining (D:14)
  A centaur (D:14)
  2 earth elementals
  A killer bee (D:11)
  A wight (D:13)
  2 electric eels (Spider:2)
  8 orc priests
  9 orc wizards (Orc:2)
  A worker ant (D:14)
  24 orcs
  2 starspawn tentacles (Abyss:2)
395 creatures vanquished.

Vanquished Creatures (others)
  2 centaur warriors (D:14)
  A deep elf mage (D:12)
  An ugly thing (D:15)
  A manticore (D:15)
  A shadow (D:14)
  A water elemental (D:15)
  A golden eye (shapeshifter) (D:15)
  2 swamp drakes (Swamp:2)
  2 orcs
  6 fungi
  5 plants
  4 starspawn tentacles (Abyss:2)
27 creatures vanquished.

Grand Total: 1485 creatures vanquished

Notes
Turn   | Place    | Note
-------+----------+-------------------------------------------
     0 | D:1      | Chiseanne the Demonspawn Wizard began the quest for the Orb.
     0 | D:1      | Reached XP level 1. HP: 13/13 MP: 4/4
   299 | D:1      | Gained mutation: Your flesh is cold resistant. (rC+) [demonic ancestry]
   299 | D:1      | Reached XP level 2. HP: 19/19 MP: 4/6
  1262 | D:2      | Gained mutation: You are immune to freezing clouds. [demonic ancestry]
  1262 | D:2      | Reached XP level 3. HP: 24/24 MP: 2/8
  1317 | D:2      | Learned a level 2 spell: Blink
  1321 | D:2      | Learned a level 3 spell: Conjure Flame
  1325 | D:2      | Learned a level 3 spell: Mephitic Cloud
  2581 | D:2      | Gained mutation: A meltable icy envelope protects you from harm. (AC +10) [demonic ancestry]
  2581 | D:2      | Reached XP level 4. HP: 30/30 MP: 7/9
  2894 | D:2      | Reached skill level 4 in Spellcasting
  3067 | D:3      | Noticed a centaur
  3096 | D:3      | Killed a centaur
  3096 | D:3      | Reached XP level 5. HP: 11/35 MP: 1/11
  3113 | D:3      | Found an ancient bone altar of Kikubaaqudgha.
  3113 | D:3      | Found a sacrificial altar of Ru.
  3292 | D:3      | Found an iron altar of Okawaru.
  3292 | D:3      | Found a radiant altar of Vehumet.
  3297 | D:3      | Became a worshipper of Vehumet
  3603 | D:3      | Noticed Sigmund
  4266 | D:3      | Found a shimmering altar of Xom.
  4487 | D:3      | Reached skill level 5 in Spellcasting
  4487 | D:3      | Reached XP level 6. HP: 41/41 MP: 1/13
  4606 | D:3      | Reached * piety under Vehumet
  4606 | D:3      | Offered knowledge of Shock by Vehumet.
  4818 | D:3      | Killed Sigmund
  4818 | D:3      | Reached skill level 5 in Conjurations
  5068 | D:3      | Reached XP level 7. HP: 46/46 MP: 11/15
  5538 | D:4      | Found a staircase to the Ecumenical Temple.
  5662 | D:4      | Reached skill level 6 in Spellcasting
  5944 | D:4      | Noticed Dwachs's ghost (novice VSFi)
  6447 | D:4      | Killed Dwachs's ghost
  6447 | D:4      | Offered knowledge of Flame Tongue by Vehumet.
  6447 | D:4      | Gained mutation: You are partially covered in thin metallic scales. (AC +2) [demonic ancestry]
  6447 | D:4      | Reached XP level 8. HP: 34/52 MP: 2/18
  6823 | D:4      | Reached skill level 7 in Spellcasting
  6830 | D:4      | Reached ** piety under Vehumet
  6905 | D:5      | Entered Level 5 of the Dungeon
  7039 | D:5      | Got a brightly glowing robe
  7089 | D:5      | Identified the cursed +1 robe of Buawotel {Dex+3 Slay+3} (You found it on level 5 of the Dungeon)
  8000 | D:5      | Noticed Pikel
  8018 | D:5      | Killed Pikel
  8018 | D:5      | Reached skill level 8 in Spellcasting
  8075 | D:5      | Reached XP level 9. HP: 45/57 MP: 6/21
  8303 | D:6      | Offered knowledge of Ignite Poison by Vehumet.
  8358 | D:6      | Noticed Prince Ribbit
  8371 | D:6      | Killed Prince Ribbit
  8437 | D:6      | Found a glowing golden altar of the Shining One.
  8438 | D:6      | Found a blossoming altar of Fedhas.
  8438 | D:6      | Found a white marble altar of Elyvilon.
  8438 | D:6      | Found a shattered altar of Ashenzari.
  8485 | D:6      | Found a stormy altar of Qazlal.
  8485 | D:6      | Found a bloodstained altar of Trog.
  9029 | D:6      | Reached *** piety under Vehumet
  9270 | D:7      | Reached skill level 9 in Spellcasting
 10235 | D:8      | Reached skill level 10 in Conjurations
 10745 | D:8      | Found Imoam's Weapon Shoppe.
 10753 | D:8      | Bought a +5 morningstar of protection for 413 gold pieces
 10820 | D:8      | Learned a level 3 spell: Ignite Poison
 10859 | D:9      | Noticed a two-headed ogre
 10869 | D:9      | Killed a two-headed ogre
 10869 | D:9      | Reached skill level 10 in Spellcasting
 10869 | D:9      | Gained mutation: You are mostly covered in thin metallic scales. (AC +3) [demonic ancestry]
 10869 | D:9      | Reached XP level 10. HP: 63/63 MP: 4/24
 11037 | D:9      | Learned a level 3 spell: Stone Arrow
 11096 | D:9      | Noticed Grum
 11102 | D:9      | Offered knowledge of Inner Flame by Vehumet.
 11106 | D:9      | Killed Grum
 11112 | D:9      | Learned a level 3 spell: Inner Flame
 12068 | D:9      | Learned a level 5 spell: Iskenderun's Battlesphere
 12076 | D:9      | Learned a level 7 spell: Orb of Destruction
 12175 | D:10     | Entered Level 10 of the Dungeon
 12217 | D:10     | Reached skill level 1 in Fire Magic
 12798 | D:10     | Found a staircase to the Lair.
 12907 | D:11     | Reached **** piety under Vehumet
 12907 | D:11     | Reached skill level 11 in Spellcasting
 13050 | D:11     | Offered knowledge of Iskenderun's Mystic Blast by Vehumet.
 13429 | D:11     | Reached XP level 11. HP: 68/68 MP: 25/26
 13543 | D:11     | Noticed an eight-headed hydra
 13545 | D:11     | Killed an eight-headed hydra
 13891 | D:11     | Reached skill level 12 in Spellcasting
 14373 | D:11     | Reached ***** piety under Vehumet
 14375 | D:11     | Offered knowledge of Sticky Flame by Vehumet.
 14429 | D:11     | Noticed a brown ugly thing
 14435 | D:11     | Killed a brown ugly thing
 14476 | D:11     | Noticed a green ugly thing
 14486 | D:11     | Killed a green ugly thing
 15087 | D:12     | Found Uraj's Antique Weapon Shoppe.
 15142 | D:12     | Reached skill level 13 in Spellcasting
 15173 | D:12     | Noticed Josephine
 15450 | D:12     | Found a labyrinth entrance.
 15467 | Lab      | Entered a labyrinth
 18595 | Lab      | Noticed a minotaur
 18602 | Lab      | Killed a minotaur
 18670 | Lab      | Got an encrusted trident
 18670 | Lab      | Got a scorched ring mail
 18709 | D:12     | Identified the +2 ring mail "Bocogis" {rElec rC- Int+4 SInv} (You found it in a labyrinth)
 18709 | D:12     | Identified the +9 trident "Embalmer" {venom, rC++ Str-2} (You found it in a labyrinth)
 18729 | D:12     | Learned a level 7 spell: Spellforged Servitor
 18793 | D:12     | Found Ewnukeqy's Antique Armour Emporium.
 18846 | D:12     | Found Tigaops's Gadget Emporium.
 18917 | D:12     | Reached skill level 1 in Armour
 19004 | D:12     | Killed Josephine
 19004 | D:12     | Gained mutation: You are immune to rotting. [demonic ancestry]
 19004 | D:12     | Reached XP level 12. HP: 74/74 MP: 19/29
 19073 | D:12     | Found a staircase to the Orcish Mines.
 19471 | D:12     | Found Kiopos's Weapon Boutique.
 19476 | D:12     | Bought a cursed -2 club for 1 gold piece
 19769 | D:12     | Bought a crude spear for 216 gold pieces
 19769 | D:12     | Bought a scorched falchion for 216 gold pieces
 19770 | D:12     | Identified the +12 spear "Wiyt" {antimagic, Str+6} (You bought it in a shop on level 12 of the Dungeon)
 19772 | D:12     | Identified the +12 falchion of Seuroaxieg {slice, Int-5 Dex+6} (You bought it in a shop on level 12 of the Dungeon)
 20476 | D:12     | Reached skill level 14 in Spellcasting
 21170 | D:13     | Noticed a war gargoyle
 21405 | Orc:1    | Entered Level 1 of the Orcish Mines
 21410 | Orc:1    | Reached skill level 5 in Summonings
 21413 | Orc:1    | Noticed an orc warlord
 21495 | D:12     | Killed an orc warlord
 21495 | D:12     | Reached skill level 5 in Dodging
 21540 | D:12     | Offered knowledge of Bolt of Fire by Vehumet.
 21742 | Orc:1    | Found a shimmering altar of Xom.
 21893 | Orc:2    | Entered Level 2 of the Orcish Mines
 21893 | Orc:2    | Noticed a stone giant
 22181 | Lair:1   | Entered Level 1 of the Lair of Beasts
 22239 | Lair:1   | Reached XP level 13. HP: 79/79 MP: 31/31
 22324 | Lair:1   | Reached skill level 5 in Armour
 23622 | Lair:2   | Got a pitted chain mail
 24681 | Lair:3   | Found a staircase to the Swamp.
 24763 | Lair:3   | Found a hole to the Spider Nest.
 24880 | Lair:3   | Got a scintillating ivory amulet
 24920 | Lair:3   | Identified the amulet "Huitenu" {Spirit MR+ Slay+6} (You found it on level 3 of the Lair of Beasts)
 25254 | Lair:4   | Reached ****** piety under Vehumet
 25267 | Lair:4   | Identified the +11 chain mail of Vacaurost {*Slow rPois Dex+3 SInv} (You found it on level 2 of the Lair of Beasts)
 25377 | Lair:4   | Offered knowledge of Ozocubu's Refrigeration by Vehumet.
 25996 | Lair:4   | Got a faintly glowing robe
 26053 | Lair:4   | Identified the +1 robe of the Bulwark {rPois rCorr Dex+4} (You found it on level 4 of the Lair of Beasts)
 26610 | Lair:5   | Found a viscous altar of Jiyva.
 26610 | Lair:5   | Found a staircase to the Slime Pits.
 26777 | Lair:5   | Gained mutation: You have sharp toenails. [demonic ancestry]
 26777 | Lair:5   | Reached XP level 14. HP: 85/85 MP: 16/32
 27257 | Lair:6   | Entered Level 6 of the Lair of Beasts
 27287 | Lair:6   | Reached skill level 15 in Spellcasting
 27426 | Lair:6   | Got a jewelled flail
 28047 | Lair:6   | Offered knowledge of Freezing Cloud by Vehumet.
 28479 | Lair:6   | Reached skill level 1 in Shields
 29128 | Orc:2    | Killed a stone giant
 29669 | Orc:1    | Learned a level 6 spell: Iron Shot
 29839 | Orc:2    | Found a staircase to the Elven Halls.
 29911 | Orc:2    | Paralysed by an ogre mage for 2 turns
 29927 | Orc:2    | Offered knowledge of Poison Arrow by Vehumet.
 29951 | Orc:2    | Noticed an orc warlord
 29961 | Orc:2    | Killed an orc warlord
 30317 | Orc:2    | Noticed ldierk's ghost (journeyman DDMo)
 30328 | Orc:2    | Killed ldierk's ghost
 30907 | Orc:2    | Found Ochec's General Store.
 30908 | Orc:2    | Found Boisokej's Jewellery Shop.
 30909 | Orc:2    | Found Wanan's Antique Armour Shop.
 30909 | Orc:2    | Found Wiuntod's Antique Weapon Boutique.
 30925 | Orc:2    | Bought a potion of curing for 42 gold pieces
 30925 | Orc:2    | Bought a potion of heal wounds for 70 gold pieces
 30925 | Orc:2    | Bought a potion of haste for 140 gold pieces
 30925 | Orc:2    | Bought a potion of curing for 42 gold pieces
 30925 | Orc:2    | Bought a meat ration for 70 gold pieces
 30925 | Orc:2    | Bought 3 fruits for 63 gold pieces
 31034 | Orc:1    | Noticed an orc warlord
 31053 | Orc:2    | Killed an orc warlord
 31053 | Orc:2    | Reached skill level 10 in Summonings
 31441 | Orc:1    | Paralysed by an orc sorcerer for 3 turns
 32022 | Orc:2    | Gained mutation: You are completely covered in thin metallic scales. (AC +4, rElec) [demonic ancestry]
 32022 | Orc:2    | Reached XP level 15. HP: 90/90 MP: 34/34
 32105 | Orc:2    | Bought a steaming leather armour for 280 gold pieces
 32115 | Orc:2    | Identified the +5 leather armour "Kepta" {Regen+ Str+4} (You bought it in a shop on level 2 of the Orcish Mines)
 32361 | D:13     | Offered knowledge of Conjure Ball Lightning by Vehumet.
 32733 | D:13     | Noticed a frost giant
 32737 | D:13     | Killed a frost giant
 32764 | D:13     | Noticed a fire giant
 32767 | D:13     | Killed a fire giant
 33084 | D:13     | Reached skill level 16 in Spellcasting
 33222 | D:13     | Reached skill level 10 in Dodging
 33382 | D:13     | Found a gate to the Vaults.
 33513 | D:14     | Found Vosaav's Island Escapes.
 33916 | D:14     | Offered knowledge of Bolt of Cold by Vehumet.
 34246 | D:14     | Identified the cursed +1 flail of Gravity {freeze, +Fly rC- Int+3} (You found it on level 6 of the Lair of Beasts)
 34687 | D:15     | Entered Level 15 of the Dungeon
 35198 | D:15     | Found a roughly hewn altar of Beogh.
 35385 | D:15     | Offered knowledge of Lehudib's Crystal Spear by Vehumet.
 35385 | D:15     | Offered knowledge of Fire Storm by Vehumet.
 35385 | D:15     | Offered knowledge of Tornado by Vehumet.
 35687 | D:15     | Found Kappynualu's Gadget Boutique.
 35903 | D:15     | Found a staircase to the Depths.
 36530 | D:14     | Bought a potion of flight for 51 gold pieces
 36530 | D:14     | Bought a scroll of blinking for 127 gold pieces
 36530 | D:14     | Bought a scroll of fog for 34 gold pieces
 36530 | D:14     | Bought a potion of invisibility for 136 gold pieces
 36530 | D:14     | Bought a scroll of blinking for 127 gold pieces
 36530 | D:14     | Bought a scroll of fog for 34 gold pieces
 36530 | D:14     | Bought a potion of invisibility for 136 gold pieces
 36640 | D:12     | Bought a spiked scale mail for 279 gold pieces
 36651 | D:12     | Identified the cursed +0 scale mail of Udekkeu {rF+++ rN++ Int+2 Dex-5} (You bought it in a shop on level 12 of the Dungeon)
 36776 | Swamp:1  | Entered Level 1 of the Swamp
 36789 | Swamp:1  | Gained mutation: You have razor-sharp toenails. [demonic ancestry]
 36789 | Swamp:1  | Reached XP level 16. HP: 53/96 MP: 36/36
 37466 | Swamp:1  | Reached skill level 5 in Fire Magic
 38116 | Swamp:2  | Noticed Nikola
 38144 | Swamp:2  | Killed Nikola
 38144 | Swamp:2  | Reached skill level 17 in Spellcasting
 38728 | Swamp:4  | Entered Level 4 of the Swamp
 38867 | Swamp:3  | Noticed a thorn hunter
 38873 | Swamp:3  | Killed a thorn hunter
 38935 | Swamp:3  | Noticed Louise
 38948 | Swamp:3  | Killed Louise
 39115 | Swamp:4  | Noticed Aizul
 39126 | Swamp:4  | Killed Aizul
 39589 | Swamp:4  | Noticed a thorn hunter
 39594 | Swamp:4  | Killed a thorn hunter
 39896 | Swamp:4  | Noticed a thorn hunter
 39899 | Swamp:4  | Killed a thorn hunter
 40107 | Swamp:4  | Got a decaying rune of Zot
 40327 | Spider:1 | Entered Level 1 of the Spider Nest
 40811 | Spider:2 | Gained mutation: You have claws for feet. [demonic ancestry]
 40811 | Spider:2 | Reached XP level 17. HP: 101/101 MP: 38/38
 41317 | Spider:4 | Entered Level 4 of the Spider Nest
 42286 | Spider:3 | Identified Kattal's Handbook of Dislocated Creation
 42297 | Spider:3 | Learned a level 4 spell: Force Lance
 42753 | Spider:4 | Reached skill level 15 in Conjurations
 43139 | Spider:4 | Reached skill level 18 in Spellcasting
 43721 | Spider:4 | Got a gossamer rune of Zot
 44393 | D:15     | Learned a level 4 spell: Iskenderun's Mystic Blast
 44404 | D:15     | Learned a level 8 spell: Lehudib's Crystal Spear
 44624 | Elf:1    | Entered Level 1 of the Elven Halls
 45036 | Orc:2    | Bought a translucent hunting sling for 240 gold pieces
 45037 | Orc:2    | Identified the +10 hunting sling of the Sage {speed, *Contam rC+ rN+ Int+2} (You bought it in a shop on level 2 of the Orcish Mines)
 45049 | Orc:2    | Bought an uncursed ring of wizardry for 390 gold pieces
 45152 | Elf:1    | Got the broad axe of the Boiling Point {freeze}
 45358 | Elf:1    | Reached skill level 10 in Fire Magic
 45505 | Elf:1    | Identified the Disquisition on Battle Magic
 45755 | Elf:3    | Entered Level 3 of the Elven Halls
 45984 | Elf:3    | Reached XP level 18. HP: 107/107 MP: 40/40
 45994 | Elf:3    | Noticed an Ice Fiend
 46049 | Elf:3    | Cast into level 2 of the Abyss (a deep elf sorcerer)
 46522 | Abyss:2  | Noticed a bone dragon
 46597 | Abyss:2  | Found a corrupted altar of Lugonu.
 46602 | Abyss:2  | Killed a bone dragon
 46676 | Elf:3    | Escaped the Abyss
 46937 | Elf:3    | Noticed a Hell Sentinel
 46942 | Elf:3    | HP: 3/107 [hellion/damnation[a deep elf demonologist] (29)]
 46943 | Elf:3    | Killed from afar by a hellion

Skill      XL: |  1  2  3  4  5  6  7  8  9 10 11 12 13 14 15 16 17 18 |
---------------+-------------------------------------------------------+-----
Conjurations   | 2 3 4 5 6 8 10 11 13 14 15 16 | 16.3
Spellcasting   | 4 5 6 8 10 11 13 14 15 16 17 18 | 18.8
Fire Magic     | 3 4 7 10 11 | 11.2
Dodging        | 2 5 7 9 10 | 10.7
Armour         | 1 4 7 |  7.0
Summonings     | 2 5 8 10 | 10.0
Shields        | 4 |  4.2
Stealth        | |  1.7
Translocations | |  0.8

Action                   |  1- 3 |  4- 6 |  7- 9 | 10-12 | 13-15 | 16-18 || total
-------------------------+-------+-------+-------+-------+-------+-------++-------
Melee: Club              |     5 |       |       |       |       |       ||     5
       Dagger            |    17 |    81 |     7 |       |       |       ||   105
       Morningstar       |       |       |     4 |    93 |     4 |     8 ||   109
       Staff             |       |       |       |       |     1 |     3 ||     4
       Kick              |       |       |       |       |       |     2 ||     2
Throw: Stone             |     3 |       |       |       |       |       ||     3
 Cast: Magic Dart        |   124 |   146 |   536 |   218 |   269 |       ||  1293
       Mephitic Cloud    |     1 |     8 |    11 |    58 |   126 |    34 ||   238
       Blink             |       |     7 |     4 |     2 |    13 |     2 ||    28
       Conjure Flame     |       |     1 |     5 |    17 |     4 |       ||    27
       Ignite Poison     |       |       |     2 |    10 |    42 |       ||    54
       Stone Arrow       |       |       |       |   251 |   491 |   284 ||  1026
       Inner Flame       |       |       |       |     7 |       |       ||     7
       Iskenderun's Batt |       |       |       |    44 |   118 |   112 ||   274
       Orb of Destructio |       |       |       |     3 |     7 |     1 ||    11
       Spellforged Servi |       |       |       |     1 |    59 |   104 ||   164
       Iron Shot         |       |       |       |       |    33 |    86 ||   119
       Iskenderun's Myst |       |       |       |       |       |   120 ||   120
       Force Lance       |       |       |       |       |       |    49 ||    49
Evoke: Wand              |       |       |       |    16 |       |    13 ||    29
  Use: Scroll            |     2 |     5 |    12 |     9 |    10 |    18 ||    56
       Potion            |       |     4 |       |     3 |     3 |    10 ||    20
 Stab: Confused          |       |     1 |       |     2 |       |       ||     3
       Sleeping          |       |       |     1 |       |       |       ||     1
  Eat: Chunk             |     5 |     8 |    18 |    24 |    69 |    34 ||   158
       Fruit             |       |       |       |     8 |     4 |    35 ||    47
       Royal jelly       |       |       |       |     4 |       |     1 ||     5
Armor: Robe              |     2 |    74 |    60 |    62 |    88 |    85 ||   371
       Ring mail         |       |       |       |    41 |    23 |    68 ||   132
       Skin              |       |       |       |       |     3 |       ||     3
Dodge: Dodged            |     9 |   112 |    71 |   141 |   201 |   227 ||   761
Block: Buckler           |       |       |       |       |    56 |    89 ||   145
       Reflection        |       |       |       |       |     2 |       ||     2
